 Dungeon Sprint DCSS version 0.23.2-1-ga50397a6bc (webtiles) character file.

Game seed: 6442655736652263502

26 Kobolds4U the Chopper (level 2, -3/29 HPs)
             Began as a Minotaur Berserker on May 21, 2019.
             Was a Priest of Trog.
             Killed from afar by an orc wizard (7 damage)
             ... with a puff of frost
             ... in the Dungeon (Sprint VII: "The Pits").
             The game lasted 00:00:59 (495 turns).

Kobolds4U the Chopper (Minotaur Berserker)           Turns: 495, Time: 00:00:59

Health: -3/29      AC:  2    Str: 21    XL:     2   Next: 89%
Magic:  1/1        EV: 12    Int:  4    God:    Trog [***...]
Gold:   0          SH:  0    Dex:  9    Spells: 1/1 levels left

rFire    . . .     SeeInvis .   a - +0 hand axe
rCold    . . .     Gourm    .   (no shield)
rNeg     . . .     Faith    .   b - +0 animal skin
rPois    .         Spirit   .   (helmet restricted)
rElec    .         Reflect  .   (no cloak)
rCorr    .         Harm     .   (no gloves)
MR       .....     NoTele   +   (no boots)
Stlth    +.........             (no amulet)
HPRegen  0.09/turn              (no ring)
MPRegen  0.07/turn              (no ring)

@: no status effects
A: retaliatory headbutt, horns 2
a: Berserk, Trog's Hand, Renounce Religion


You were in the Dungeon.
You worshipped Trog.
Trog was most pleased with you.
You were not hungry.

You visited 1 branch

Inventory:

Hand Weapons
 a - a +0 hand axe (weapon)
Armour
 b - a +0 animal skin (worn)
Scrolls
 i - a scroll of blinking
 l - 3 scrolls of remove curse
 m - a scroll of summoning
Potions
 d - a potion of curing
 e - a potion of heal wounds
 f - a potion of haste
 g - 4 potions of magic
 h - 3 potions of berserk rage
 k - 2 potions of invisibility
Comestibles
 c - 9 rations


   Skills:
 + Level 5.0 Fighting
 * Level 6.1 Axes
 + Level 4.2 Armour
 - Level 2.1 Dodging


You had one spell level left.
You didn't know any spells.
Your spell library was empty.

Dungeon Overview and Level Annotations

Branches:
Dungeon (1/1)

Altars:
Ashenzari
Cheibriados
Dithmenos
Elyvilon
Fedhas
Gozag
Hepliaklqana
Kikubaaqudgha
Makhleb
Nemelex Xobeh
Okawaru
Qazlal
Ru
Sif Muna
Trog
Uskayaw
Vehumet
Wu Jian
Xom
Yredelemnul
Zin
The Shining One
Beogh
Jiyva
Lugonu


Innate Abilities, Weirdness & Mutations

You reflexively headbutt those who attack you in melee.
You have a pair of horns on your head.


Message History

You hit the orc.
The orc is heavily wounded.
The orc barely misses you.
You slash the orc!
You kill the orc!
Trog accepts your kill.
Your Fighting skill increases to level 5!
You hear some strange, mumbled words.
A puff of flame appears from out of thin air!
The puff of flame hits you!
* * * LOW HITPOINT WARNING * * *
You hit something. Something hits you but does no damage.
You closely miss something. You headbutt something! Something hits you.
* * * LOW HITPOINT WARNING * * *
You miss something. Your headbutt misses something. You miss something.
You hear some strange, mumbled words.
A puff of frost appears from out of thin air!
The puff of frost hits you!
You die...

#.?(.')))'.##......#..#
##########.##..........
#.........รท.'..........
#+#####'#####......#..#
#.....# #..........
#.....# ####'#####+
###'### #.......#
#.)...# #.......#
#..)@)# #.......#
####)## #...<...# ...
#.......# .....
#.......# #######
#.......# #########


There were no monsters in sight!

Vanquished Creatures
  A gnoll (D)
  2 leopard geckos (D)
  3 orcs (D)
  2 ball pythons (D)
  A hobgoblin (D)
  A jackal skeleton (D)
  A rat (D)
11 creatures vanquished.

Vanquished Creatures (others)
  A lich (D)
  An acid blob (D)
2 creatures vanquished.

Grand Total: 13 creatures vanquished

Notes
Turn   | Place    | Note
-------+----------+-------------------------------------------
     0 | D        | Kobolds4U the Minotaur Berserker began the quest for the
                  | Orb.
     0 | D        | Reached XP level 1. HP: 19/19 MP: 0/0
    11 | D        | Reached skill level 4 in Axes
    11 | D        | Killed a lich
    12 | D        | Killed an acid blob
    44 | D        | Reached ** piety under Trog
   157 | D        | Found a bloodstained altar of Trog.
   157 | D        | Found a deep blue altar of Sif Muna.
   157 | D        | Found a viscous altar of Jiyva.
   157 | D        | Found a hazy altar of Hepliaklqana.
   157 | D        | Found an opulent altar of Gozag.
   158 | D        | Found a glowing golden altar of the Shining One.
   158 | D        | Found a glowing silver altar of Zin.
   158 | D        | Found a basalt altar of Yredelemnul.
   158 | D        | Found a shimmering altar of Xom.
   158 | D        | Found an ornate altar of the Wu Jian Council.
   158 | D        | Found a sacrificial altar of Ru.
   158 | D        | Found a stormy altar of Qazlal.
   158 | D        | Found an iron altar of Okawaru.
   158 | D        | Found a sparkling altar of Nemelex Xobeh.
   158 | D        | Found a burning altar of Makhleb.
   158 | D        | Found a blossoming altar of Fedhas.
   158 | D        | Found a white marble altar of Elyvilon.
   158 | D        | Found a shadowy altar of Dithmenos.
   158 | D        | Found a snail-covered altar of Cheibriados.
   159 | D        | Found a radiant altar of Vehumet.
   159 | D        | Found a corrupted altar of Lugonu.
   159 | D        | Found a roughly hewn altar of Beogh.
   160 | D        | Found a hide-covered altar of Uskayaw.
   160 | D        | Found an ancient bone altar of Kikubaaqudgha.
   160 | D        | Found a shattered altar of Ashenzari.
   199 | D        | HP: 1/20 [gnoll/+0 halberd (7)]
   200 | D        | Reached skill level 5 in Axes
   200 | D        | Reached XP level 2. HP: 2/28 MP: 1/1
   486 | D        | Reached *** piety under Trog
   489 | D        | Reached skill level 6 in Axes
   491 | D        | Reached skill level 5 in Fighting
   495 | D        | Killed from afar by an orc wizard

Skill      XL: |  1  2 |
---------------+-------+-----
Axes           | 5 6 |  6.1
Fighting       | 4 5 |  5.0
Armour         | 3 4 |  4.2
Dodging        | |  2.1

Action                   || total
-------------------------++-------
Melee: Hand axe          ||    26
       Headbutt          ||     5
Armor: Animal skin       ||     1
Dodge: Dodged            ||    11
